 Dungeon Crawl Stone Soup version 0.17-a0-1-g1f4be75 (webtiles) character file.

218 McCoppin the Chopper (level 5, -2/37 HPs)
             Began as a Demonspawn Wanderer on Mar 3, 2015.
             Slain by an iguana (10 damage)
             ... on level 4 of the Dungeon.
             The game lasted 00:13:51 (3768 turns).

McCoppin the Chopper (Demonspawn Wanderer)          Turns: 3768, Time: 00:13:51

Health: -2/37      AC: 10    Str: 16    XL:     5   Next: 63%
Magic:  14/14      EV: 10    Int: 13    God:
Gold:   31         SH:  0    Dex: 13    Spells: 0 memorised, 4 levels left

rFire  . . .     SeeInvis .     r - +2 war axe (chop)
rCold  + . .     Clarity  .     h - +1 ring mail {rC+}
rNeg   + . .     SustAb   .     (no shield)
rPois  .         Gourm    .     (helmet restricted)
rElec  .         Spirit   .     e - +1 cloak
rCorr  .         Warding  .     j - +0 pair of gloves {Str+3}
rMut   .         Stasis   .     (no boots)
MR     .....                    (no amulet)
Stlth  +.........               o - ring of positive energy
                                k - ring of magical power

@: not resistant to hostile enchantments, very unstealthy
A: antennae 2, powered by pain 1
a: no special abilities


You were on level 4 of the Dungeon.
You were very hungry.

You visited 1 branch of the dungeon, and saw 4 of its levels.

You collected 209 gold pieces.
You spent 178 gold pieces at shops.

Inventory:

Hand weapons
 a - a +2 hand axe
 b - a +0 mace
 r - a +2 war axe of chopping (weapon)
 s - a +1 war axe
Armour
 c - a +0 ring mail
 e - a +1 cloak (worn)
 h - a +1 ring mail of cold resistance (worn)
 j - a +0 pair of gloves of strength (worn)
Jewellery
 k - a ring of magical power (left hand)
 o - a ring of positive energy (right hand)
Scrolls
 f - a scroll of enchant weapon
 g - 3 scrolls of enchant armour
 i - 2 scrolls of teleportation
 l - 3 scrolls of identify {unknown}
 m - 2 scrolls of remove curse {unknown}
 n - a scroll of random uselessness {unknown}
 p - a scroll of noise {unknown}
 t - 3 scrolls of fear {unknown}
Books
 v - a book of Spatial Translocations

   Spells                             Type                      Level
   a - Apportation                    Translocation                1
   b - Blink                          Translocation                2
   c - Shroud of Golubria             Charms/Translocation         2
   d - Portal Projectile              Translocation                3
   e - Teleport Other                 Translocation                3
   f - Passage of Golubria            Translocation                4
Comestibles
 d - 4 bread rations
 q - 2 slices of pizza
 u - a royal jelly


   Skills:
 - Level 1.0 Fighting
 + Level 5.4 Axes
   Level 1.0 Crossbows
 - Level 1.0 Throwing
 - Level 3.6 Armour
   Level 1.0 Evocations


You had 4 spell levels left.
You didn't know any spells.

Dungeon Overview and Level Annotations

Branches:
Dungeon (4/15)
 Temple: D:4-7

Altars:
Ashenzari
Gozag
Nemelex Xobeh
Vehumet
Yredelemnul
Zin
Beogh

Shops:
D:4 (([


Innate Abilities, Weirdness & Mutations

You have a pair of antennae on your head.
You sometimes gain a little power by taking damage.


Message History

The iguana bites you but does no damage.
You barely miss the iguana. The iguana bites you! The iguana bites you.
You are too injured to fight recklessly!
You are too injured to fight recklessly!
You are too injured to fight recklessly!
You are too injured to fight recklessly!
You hit the iguana.
The iguana is moderately wounded.
The iguana bites you!
You barely miss the iguana.
The iguana is moderately wounded.
The iguana closely misses you.
You hit the iguana but do no damage.
The iguana is moderately wounded.
The iguana bites you!
* * * LOW HITPOINT WARNING * * *
You hit the iguana.
The iguana is heavily wounded.
The iguana bites you!
You die...

...#+##...........#
#########...
...#..'...........+ #...
####..#...........# #...
..###'#...#+#.....# ####
..##..#...#.+.....#+####
#'##..##'##.#...........
.∩.#'###.'..#...........
.......#+##.#............
..........#'#...@l#
#'#...............+
..+...............#
###...............#
#...#+##+#....#+###
+...+....'....+
#...#.##'#....#
#...#.##.#.......
+...+.'..+........


You could see an iguana.

Vanquished Creatures
  An orc priest (D:4)
  A giant frog skeleton (D:4)
  A worker ant (D:4)
  Ijyb (D:4)
  2 adders
  A giant mite (D:4)
  3 worms
  2 giant geckos
  2 oozes
  6 orcs
  A ball python (D:1)
  6 goblins
  4 hobgoblins
  15 jackals
  2 quokkas (D:2)
  5 bats
  4 giant cockroaches
  6 giant newts
  5 kobolds
  14 rats
82 creatures vanquished.

Notes
Turn   | Place    | Note
--------------------------------------------------------------
     0 | D:1      | McCoppin, the Demonspawn Wanderer, began the quest for the Orb.
     0 | D:1      | McCoppin set off with: a +2 hand axe, a +0 mace, a +0 ring mail, a bread ration
     0 | D:1      | Reached XP level 1. HP: 15/15 MP: 1/1
   225 | D:1      | Gained mutation: You have a pair of small antennae on your head. [demonic ancestry]
   225 | D:1      | Reached XP level 2. HP: 21/21 MP: 2/2
   663 | D:2      | Found a basalt altar of Yredelemnul.
   671 | D:2      | Found an opulent altar of Gozag.
   759 | D:2      | Found a sparkling altar of Nemelex Xobeh.
   918 | D:2      | Gained mutation: You sometimes gain a little power by taking damage. [demonic ancestry]
   918 | D:2      | Reached XP level 3. HP: 23/26 MP: 3/3
  1626 | D:2      | Found a radiant altar of Vehumet.
  1981 | D:3      | Found a glowing silver altar of Zin.
  2158 | D:3      | Reached XP level 4. HP: 28/32 MP: 4/4
  2456 | D:3      | Reached skill level 4 in Axes
  2676 | D:4      | Noticed Ijyb
  2694 | D:4      | Killed Ijyb
  2837 | D:4      | Found a shattered altar of Ashenzari.
  3099 | D:4      | Gained mutation: You have a pair of antennae on your head. [demonic ancestry]
  3099 | D:4      | Reached XP level 5. HP: 34/37 MP: 5/5
  3185 | D:4      | Found Qechos' Antique Weapon Shoppe.
  3193 | D:4      | Bought a glowing war axe for 70 gold pieces
  3195 | D:4      | Found Schaab's Antique Weapon Shop.
  3222 | D:4      | Found a roughly hewn altar of Beogh.
  3234 | D:4      | Reached skill level 5 in Axes
  3651 | D:4      | Found Weqeipe's Antique Armour Shop.
  3654 | D:4      | Bought a pair of embroidered gloves for 108 gold pieces
  3768 | D:4      | Slain by an iguana

Action                   |  1- 3 |  4- 6 || total
-------------------------+-------+-------++-------
Melee: Hand axe          |   148 |       ||   148
       War axe           |       |   109 ||   109
  Use: Potion            |     5 |     2 ||     7
       Scroll            |     1 |     3 ||     4
  Eat: Meat ration       |     1 |       ||     1
       Pizza             |     1 |       ||     1
       Beef jerky        |       |     1 ||     1
